 Dungeon Crawl Stone Soup version 0.19-a0-831-gce7da8b (webtiles) character file.

438 Gruud the Grave Robber (level 6, -2/42 HPs)
             Began as a Demonspawn Necromancer on June 30, 2016.
             Was a Believer of Uskayaw.
             Killed by nerve-wracking pain
             ... invoked by an orc priest
              (14 damage)
             ... on level 4 of the Dungeon.
             The game lasted 00:17:02 (4268 turns).

Gruud the Grave Robber (Demonspawn Necromancer)     Turns: 4268, Time: 00:17:03

Health: -2/42      AC:  4    Str: 10    XL:     6   Next: 69%
Magic:  1/9        EV: 13    Int: 14    God:    Uskayaw [**....]
Gold:   241        SH:  2    Dex: 14    Spells: 4 memorised, 1 level left

rFire  . . .     SeeInvis .     a - -2 dagger (curse)
rCold  . . .     Gourm    .     h - +1 robe
rNeg   . . .     Faith    .     (no shield)
rPois  .         Spirit   .     (helmet restricted)
rElec  .         Dismiss  .     A - +0 cloak
rCorr  .         Reflect  +     (no gloves)
SustAt .         Harm     .     (no boots)
MR     .....                    j - +2 amulet of reflection
Stlth  +.........               p - -2 ring of intelligence (curse)
                                y - ring of loudness (curse)

@: not resistant to hostile enchantments, very unstealthy
A: horns 2, powered by pain 1
a: Stomp, Line Pass, Renounce Religion


You were on level 4 of the Dungeon.
You worshipped Uskayaw.
Uskayaw was pleased with you.
You were not hungry.

You visited 2 branches of the dungeon, and saw 5 of its levels.

You collected 241 gold pieces.

Inventory:

Hand Weapons
 a - a cursed -2 dagger (weapon)
 f - a +0 blowgun
 g - a +0 short sword
 s - a +0 dagger of venom
Missiles
 r - 4 tomahawks (quivered)
Armour
 h - a +1 robe (worn)
 t - a +2 ring mail of magic resistance
 A - a +0 cloak (worn)
Jewellery
 j - a +2 amulet of reflection (around neck)
 k - an uncursed ring of flight
 o - a +2 ring of protection
 p - a cursed -2 ring of intelligence (right hand)
 y - a cursed ring of loudness (left hand)
Wands
 v - a wand of flame (23/48)
Scrolls
 m - a scroll of teleportation
 q - a scroll of identify
Potions
 e - a potion of berserk rage
 l - a potion of invisibility
 w - a potion of curing
 x - a potion of agility
Books
 b - a book of Necromancy

   Spells                             Type                      Level
   a - Pain                           Necromancy                   1
   b - Animate Skeleton               Necromancy                   1
   c - Vampiric Draining              Necromancy                   3
   d - Regeneration                   Charms/Necromancy            3
   e - Animate Dead                   Necromancy                   4
   f - Control Undead                 Necromancy                   4
Comestibles
 c - 4 bread rations
 d - 2 slices of pizza
 i - 3 beef jerkies
 n - 5 fruits
 u - a meat ration
 z - a chunk of flesh


   Skills:
 + Level 0.8 Fighting
 + Level 3.1 Dodging
 - Level 1.7 Stealth
 * Level 3.8 Unarmed Combat
 - Level 2.0 Spellcasting
 - Level 6.2 Necromancy
 + Level 1.8 Invocations


You had one spell level left.
You knew the following spells:

 Your Spells              Type           Power        Failure   Level  Hunger
a - Pain                  Necr           ###.         1%          1    ##.....
b - Animate Skeleton      Necr           N/A          1%          1    ##.....
c - Vampiric Draining     Necr           ###.......   8%          3    ####...
d - Regeneration          Chrm/Necr      ##........   21%         3    ####...


Dungeon Overview and Level Annotations

Branches:
Dungeon (4/15)             Temple (1/1) D:4

Altars:
Ashenzari
Dithmenos
Fedhas
Gozag
Nemelex Xobeh
Qazlal
Sif Muna
Trog
Uskayaw
Vehumet
Xom
Yredelemnul
Zin
The Shining One


Innate Abilities, Weirdness & Mutations

You have a pair of horns on your head.
You sometimes gain a little power by taking damage.


Message History

Press: ? - help, Shift-Dir - straight line, f/p - orc priest
Aim: an orc priest, wielding a whip of venom and wearing a ring mail (heavily wounded, chance to defeat MR: 78%)
The orc priest barely resists.
The orc priest misses you.
Your giant newt skeleton bites the orc priest.
Your adder skeleton bites the orc priest but does no damage.
Casting: Pain
Confirm with . or Enter, or press ? or * to list all spells.
Aiming: Pain
Press: ? - help, Shift-Dir - straight line, f/p - orc priest
Aim: an orc priest, wielding a whip of venom and wearing a ring mail (severely wounded, chance to defeat MR: 78%)
The orc priest convulses in agony!
The orc priest hits your giant newt skeleton with a whip of venom.
Your adder skeleton closely misses the orc priest.
Your giant newt skeleton closely misses the orc priest.
You can now pass through a line of other dancers.
You closely miss the orc priest.
The orc priest is almost dead.
The orc priest invokes the aid of Beogh against you.
Pain shoots through your body!
You die...

#.# #.# #.# #.#
###.# ### #...
..# #.#.# #.#
......#.# .#
#.....#@#######
.#
#....ooZ......##
.###
#.#.###Z####...##
.#.# #.# #.....#
..# ## #.#
#.....# ..##.##
..# #.....#
#.....# ####
##....# .....#
####.######
#....##
#.........#


You could see an orc priest, an orc, a friendly giant newt skeleton and a
friendly adder skeleton.

Vanquished Creatures
  A centaur (D:4)
  A hound (D:4)
  A centaur skeleton (D:4)
  2 giant frog skeletons (D:4)
  2 orc wizards (D:3)
  Natasha (D:2)
  5 adders
  2 oozes
  An adder skeleton (D:4)
  2 worms (D:3)
  2 dart slugs (D:1)
  4 giant geckos
  13 orcs
  9 bats
  2 giant cockroaches
  7 hobgoblins
  7 kobolds
  3 quokkas
  A giant gecko skeleton (D:4)
  9 giant newts
  8 goblins
  6 rats
89 creatures vanquished.

Vanquished Creatures (collateral kills)
  An ooze (D:4)
  A giant cockroach (D:4)
  A bat (D:2)
  2 giant newts
  A rat (D:1)
6 creatures vanquished.

Grand Total: 95 creatures vanquished

Notes
Turn   | Place    | Note
--------------------------------------------------------------
     0 | D:1      | Gruud the Demonspawn Necromancer began the quest for the Orb.
     0 | D:1      | Reached XP level 1. HP: 13/13 MP: 3/3
   246 | D:1      | Learned a level 1 spell: Animate Skeleton
   330 | D:1      | Gained mutation: You sometimes gain a little power by taking damage. [demonic ancestry]
   330 | D:1      | Reached XP level 2. HP: 13/19 MP: 0/5
   361 | D:1      | Reached skill level 5 in Necromancy
   755 | D:1      | Gained mutation: You have a pair of small horns on your head. [demonic ancestry]
   755 | D:1      | Reached XP level 3. HP: 16/24 MP: 2/6
   761 | D:1      | Learned a level 3 spell: Vampiric Draining
  1229 | D:2      | Found a glowing silver altar of Zin.
  1470 | D:2      | Reached skill level 1 in Unarmed Combat
  1604 | D:2      | Reached XP level 4. HP: 20/30 MP: 0/7
  1672 | D:2      | Found a faded altar of an unknown god.
  1689 | D:2      | Found a shadowy altar of Dithmenos.
  1848 | D:2      | Noticed Natasha
  1856 | D:2      | Killed Natasha
  2384 | D:3      | Reached skill level 6 in Necromancy
  2384 | D:3      | Reached XP level 5. HP: 30/35 MP: 1/8
  2492 | D:3      | Found a shattered altar of Ashenzari.
  3284 | D:4      | Found a sparkling altar of Nemelex Xobeh.
  3364 | D:4      | Noticed an ice beast
  3409 | D:4      | Noticed a centaur
  3424 | D:4      | Killed a centaur
  3424 | D:4      | Gained mutation: You have a pair of horns on your head. [demonic ancestry]
  3424 | D:4      | Reached XP level 6. HP: 14/41 MP: 0/9
  3435 | D:4      | Learned a level 3 spell: Regeneration
  3655 | D:4      | Found a staircase to the Ecumenical Temple.
  3661 | Temple   | Entered the Ecumenical Temple
  3709 | Temple   | Became a worshipper of Uskayaw the Reveler
  3850 | D:4      | Reached * piety under Uskayaw
  3860 | D:4      | Found a radiant altar of Vehumet.
  3936 | D:4      | Reached ** piety under Uskayaw
  3937 | D:4      | Reached skill level 1 in Invocations
  4268 | D:4      | Killed from afar by an orc priest

Vault maps used:
D:1:      dpeg_arrival_chambers_temple_mockup, nrook_mini_backslash
D:2:      nicolae_dithmenos_through_a_glass_darkly, old_standard_altar,
          first_bread, ecumenical_altar_1, uniq_natasha
D:3:      cheibrodos_ashenzari_chains
D:4:      lemuel_round_altar, nemelex_xobeh_ov_fountains_minmay
Temple:   eino_temple_scatter_basement

Skill      XL: |  1  2  3  4  5  6 |
---------------+-------------------+-----
Necromancy     | 5 6 |  6.2
Dodging        | 2 3 |  3.1
Unarmed Combat | 1 2 3 |  3.8
Invocations    | 1 |  1.8
Fighting       | |  0.8
Stealth        | |  1.7
Spellcasting   | |  2.0

Action                   |  1- 3 |  4- 6 || total
-------------------------+-------+-------++-------
Melee: Dagger            |     5 |   122 ||   127
       Headbutt          |     2 |    17 ||    19
       Punch             |       |     3 ||     3
 Cast: Pain              |    77 |    95 ||   172
       Animate Skeleton  |    11 |    19 ||    30
       Vampiric Draining |       |     4 ||     4
       Regeneration      |       |     5 ||     5
  Use: Scroll            |     4 |     7 ||    11
 Stab: Sleeping          |       |     3 ||     3
       Distracted        |       |     2 ||     2
  Eat: Chunk             |     3 |    13 ||    16
Armor: Robe              |     4 |    27 ||    31
Dodge: Dodged            |    20 |    96 ||   116
Block: Other             |       |    11 ||    11
